 Dungeon Crawl Stone Soup version 0.23.0-28-g6fe0f4d (webtiles) character file.

Game seed: 3139111413010996349

63 Kairos the Skirmisher (level 4, -1/24 HPs)
             Began as a Vine Stalker Fighter on Feb 25, 2019.
             Killed from afar by an orc wizard (4 damage)
             ... with a magic dart
             ... on level 3 of the Dungeon.
             The game lasted 00:03:13 (1179 turns).

Kairos the Skirmisher (Vine Stalker Fighter)        Turns: 1179, Time: 00:03:14

Health: -1/24      AC:  7    Str: 17 (20) XL:     4   Next: 10%
Magic:  0/5        EV:  7    Int: 10 (13) God:
Gold:   103        SH:  8    Dex: 10 (13) Spells: 3/3 levels left

rFire    . . .     SeeInvis .   a - +0 war axe
rCold    . . .     Gourm    .   c - +0 shield
rNeg     . . .     Faith    .   b - +0 scale mail
rPois    .         Spirit   +   (no helmet)
rElec    .         Reflect  .   (no cloak)
rCorr    .         Harm     .   q - +0 pair of gloves
MR       .....                  (no boots)
Stlth    ..........             (no amulet)
HPRegen  0.48/turn              m - +5 ring of intelligence
MPRegen  0.09/turn              (no ring)

@: slowed, very slow
A: fangs 2, regeneration 1, magic shield, antimagic bite, no potion heal 3, rot
immunity
a: no special abilities


You were on level 3 of the Dungeon.
You were very hungry.

You visited 1 branch of the dungeon, and saw 3 of its levels.

You collected 103 gold pieces.

Inventory:

Hand Weapons
 a - a +0 war axe (weapon)
Armour
 b - a +0 scale mail (worn)
 c - a +0 shield (worn)
 q - a +0 pair of gloves (worn)
Jewellery
 m - a +5 ring of intelligence (left hand)
 n - an uncursed ring of ice
Scrolls
 e - 2 scrolls of remove curse {unknown}
 h - 4 scrolls of identify {unknown}
 j - 2 scrolls of teleportation {unknown}
 k - a scroll of blinking {unknown}
 l - a scroll of enchant weapon {unknown}
 o - 2 scrolls of enchant armour {unknown}
Potions
 d - a potion of might
 g - a potion of agility {unknown}
 i - a potion of lignification {unknown}
 p - a potion of degeneration
Comestibles
 f - 3 rations


   Skills:
 + Level 3.3 Fighting
 + Level 2.4 Axes
 + Level 2.9 Armour
 + Level 0.4 Dodging
 + Level 3.0 Shields


You had 3 spell levels left.
You didn't know any spells.
Your spell library was empty.

Dungeon Overview and Level Annotations

Branches:
Dungeon (3/15)

Altars:


Innate Abilities, Weirdness & Mutations

You have extremely sharp teeth.
Your natural rate of healing is unusually fast.
When hurt, damage is shared between your health and your magic reserves.
Your bite disrupts and absorbs the magic of your enemies.
Potions cannot restore your health.
You are immune to rotting.


Message History

You block the orc wizard's attack.
The orc wizard mumbles some strange words.
The orc wizard blinks!
The orc wizard points at you and mumbles some strange words.
The magic dart hits you.
* * * LOW HITPOINT WARNING * * *
It was a potion of degeneration.
There was something very wrong with that liquid.
You feel weakened.
You feel dopey.
You feel clumsy.
The orc wizard gestures wildly while chanting.
The orc wizard blinks!
The orc wizard casts a spell at you. The magic dart hits you.
* * * LOW HITPOINT WARNING * * *
The orc wizard gestures at you while chanting.
The magic dart hits you.
* * * LOW HITPOINT WARNING * * *
The orc wizard casts a spell at you. The magic dart hits you.
You die...

##############.#
.%.$.......$...
##.......#
..####..).))..#
..........)...#
.....!..o....o#
....(.....###.#
........###
#@########
........#
#........#
........#
#........#
#.......#
#........#
##+######
#........##
#........<#
#.........#
#.#######.# #.#
....


You could see an orc wizard.

Vanquished Creatures
  An adder (D:2)
  An ooze (D:2)
  A worm (D:2)
  3 leopard geckos (D:1)
  3 orcs (D:3)
  3 bats (D:1)
  8 goblins
  5 hobgoblins
  2 jackals (D:1)
  2 quokkas (D:2)
  2 frilled lizards
  4 kobolds
  2 rats (D:1)
37 creatures vanquished.

Notes
Turn   | Place    | Note
-------+----------+-------------------------------------------
     0 | D:1      | Kairos the Vine Stalker Fighter began the quest for the
                  | Orb.
     0 | D:1      | Reached XP level 1. HP: 11/11 MP: 2/2
   128 | D:1      | Reached XP level 2. HP: 14/16 MP: 3/3
   650 | D:1      | Reached XP level 3. HP: 18/20 MP: 4/4
  1160 | D:3      | Gained mutation: Your natural rate of healing is unusually
                  | fast. [Vine Stalker growth]
  1160 | D:3      | Reached XP level 4. HP: 15/24 MP: 5/5
  1176 | D:3      | HP: 1/24 [orc wizard/magic dart (3)]
  1179 | D:3      | Killed from afar by an orc wizard

Skill      XL: |  1  2  3  4 |
---------------+-------------+-----
Fighting       | 3 |  3.3
Axes           | 2 |  2.4
Shields        | 3 |  3.0
Armour         | |  2.9
Dodging        | |  0.4

Action                   |  1- 3 |  4- 6 || total
-------------------------+-------+-------++-------
Melee: War axe           |   127 |     5 ||   132
       Bite              |    29 |     1 ||    30
  Use: Potion            |       |     1 ||     1
Armor: Scale mail        |    61 |       ||    61
Dodge: Dodged            |    47 |     1 ||    48
Block: Shield            |    53 |     3 ||    56
